 Dungeon Crawl Stone Soup version 0.19-a0-1608-g4cf22de (webtiles) character file.

11 4thArraOfDagon the Slasher (level 2, -3/22 HPs)
             Began as a Vampire Gladiator on Sept 17, 2016.
             Slain by a kobold
             ... wielding a +0 short sword
              (4 damage)
             ... on level 3 of the Dungeon.
             The game lasted 00:01:21 (355 turns).

4thArraOfDagon the Slasher (Vampire Gladiator)       Turns: 355, Time: 00:01:22

Health: -3/22      AC:  5    Str: 14    XL:     2   Next: 13%
Magic:  2/2        EV: 10    Int: 10    God:
Gold:   66         SH:  0    Dex: 14    Spells: 0 memorised, 1 level left

rFire  . . .     SeeInvis +     a - +0 long sword
rCold  . . .     Gourm    .     b - +0 leather armour
rNeg   . . .     Faith    .     (no shield)
rPois  .         Spirit   .     c - +0 helmet
rElec  .         Dismiss  .     (no cloak)
rCorr  .         Reflect  .     (no gloves)
MR     .....     Harm     .     f - +0 pair of boots
Stlth  +.........               (no amulet)
                                (no ring)
                                j - -3 ring of evasion (curse)

@: lethally poisoned (-3 -> -7), regenerating quickly
A: fangs 3, see invisible, unbreathing
a: no special abilities


You were on level 3 of the Dungeon.
You were very full.

You visited 1 branch of the dungeon, and saw 3 of its levels.

You collected 66 gold pieces.

Inventory:

Hand Weapons
 a - a +0 long sword (weapon)
Missiles
 d - 3 throwing nets (quivered)
Armour
 b - a +0 leather armour (worn)
 c - a +0 helmet (worn)
 f - a +0 pair of boots (worn)
Jewellery
 j - a cursed -3 ring of evasion (left hand)
Scrolls
 g - a scroll of identify {unknown}
 h - a scroll of random uselessness {unknown}
 k - 2 scrolls of remove curse {unknown}
Potions
 e - a potion of blood
 i - a potion of brilliance {unknown}


   Skills:
 + Level 2.0 Fighting
 * Level 3.4 Long Blades
 - Level 1.5 Throwing
 + Level 3.3 Dodging


You had one spell level left.
You didn't know any spells.

Dungeon Overview and Level Annotations

Branches:
Dungeon (3/15)

Altars:
Fedhas
Gozag
Kikubaaqudgha


Innate Abilities, Weirdness & Mutations

Your natural rate of healing is unusually fast.
You have razor-sharp teeth.
You have supernaturally acute eyesight. (SInv)
You can survive without breathing.


Message History

Unknown command.
You feel sick.
Unknown command.
You feel sick.
You feel sick.
You feel sick.
You feel sick.
You feel sick.
You feel sick.
You feel sick.
You barely miss the kobold. Your bite misses the kobold.
You feel sick.
The kobold unwields an uncursed blowgun.
The kobold wields an uncursed short sword.
The kobold hits you with an uncursed short sword.
You closely miss the kobold. You bite the kobold, but do no damage.
You feel sick.
The kobold hits you with an uncursed short sword.
* * * LOW HITPOINT WARNING * * *
The kobold hits you with an uncursed short sword.
You die...

.......#..... ......
......<.....# #......
#.#........# #......
#..........###......
#####........##......
#.PP##...............
#._.PP..###..........
#PP..K...P####.......
####@P((...P.#.......
###..PPP_P#.......
........##PPP#.......
.........#######.....
..$$$....# ##....
..$_$....# ##...
##$$$(K### #..(
####..# #.## #.. #...


You could see a kobold.

Vanquished Creatures
  A giant cockroach (D:1)
  A goblin (D:2)
  A hobgoblin (D:1)
  3 bats
  2 kobolds
  2 rats
10 creatures vanquished.

Notes
Turn   | Place    | Note
-------+----------+-------------------------------------------
     0 | D:1      | 4thArraOfDagon the Vampire Gladiator began the quest for the Orb.
     0 | D:1      | Reached XP level 1. HP: 16/16 MP: 1/1
   187 | D:2      | Reached XP level 2. HP: 15/22 MP: 2/2
   238 | D:2      | You fall through a shaft!
   338 | D:3      | Found a blossoming altar of Fedhas.
   340 | D:3      | Found an ancient bone altar of Kikubaaqudgha.
   340 | D:3      | Found an opulent altar of Gozag.
   355 | D:3      | HP: 1/22 [kobold/uncursed short sword (5)]
   355 | D:3      | Slain by a kobold

Vault maps used:
D:1:      lemuel_arrival_muddy
D:2:      serial_glass, glass_columns_a, glass_columns_c, first_bread
D:3:      grunt_temple_overflow_growth_and_decay, nicolae_gozag_seed_capital,
          uniq_terence, uniq_iyjb

Skill      XL: |  1 |
---------------+----+-----
Fighting       | 2 |  2.0
Long Blades    | |  3.4
Throwing       | |  1.5
Dodging        | |  3.3

Action                   || total
-------------------------++-------
Melee: Long sword        ||    28
       Bite              ||     4
  Eat: Corpse            ||     5
Armor: Leather armour    ||    10
Dodge: Dodged            ||    15
